Map: Odyssey LE

Players

Tanavast - Winner!

  • Race: Zerg Zerg
  • League: Bronze
  • Spawn Location: 5:00

A.I. 1 (Medium)

  • Race: Zerg Zerg
  • Spawn Location: 11:00

VOD

Have the link to the VOD?

Description

Time

  • Played on: July 21, 2017, 12:14 p.m.
  • Length: 11:34
Show
View Real Time Build Order
Export as new Build Order

Tanavast Zerg - Winner!

Build Orders: Pool First 

Get SALT Encoding   

  12  0:01  Drone  
  13  0:10  Drone  
  14  0:16  Overlord  
  14  0:23  Extractor  
  14  0:24  Drone  
  15  0:35  Drone x2  
  17  0:51  Spawning Pool  
  17  0:52  Drone, Extractor  
  16  0:57  Drone  
  17  1:07  Drone  
  18  1:22  Hatchery  
  17  1:27  Drone x2  
  19  1:38  Overlord  
  19  1:44  Queen  
  21  1:53  Drone  
  22  1:58  Extractor  
  22  2:00  Drone  
  22  2:10  Drone  
  23  2:16  Metabolic Boost  
  23  2:20  Queen  
  25  2:31  Drone  
  25  2:33  Zergling x2  
  25  2:37  Drone  
  28  2:43  Drone  
  29  2:47  Queen  
  31  2:56  Zergling x2  
  32  3:05  Drone x2  
  34  3:12  Drone  
  35  3:17  Drone  
  35  3:18  Overlord x2  
  36  3:38  Lair  
  36  3:44  Drone x4  
  36  3:45  Drone  
  41  3:48  Extractor  
  39  4:00  Drone  
  39  4:02  Drone x5  
  45  4:11  Hatchery  
  43  4:25  Zergling x4  
  43  4:30  Drone x2  
  43  4:31  Drone  
  48  4:42  Roach Warren  
  48  4:45  Baneling Nest  
  46  4:54  Zergling x4  
  46  4:55  Zergling x4  
  50  5:05  Drone  
  51  5:21  Overlord x2  
  51  5:33  Hatchery  
  50  5:42  Roach x4  
  58  5:50  Queen  
  58  5:51  Queen  
  58  5:53  Queen  
  64  6:03  Roach x3  
  64  6:04  Roach  
  72  6:06  Overlord x3  
  72  6:10  Baneling x7  
  72  6:11  Baneling x6  
  72  6:14  Drone  
  73  6:33  Drone x2  
  73  6:34  Drone  
  73  6:36  Drone x8  
  83  6:51  Hydralisk Den  
  77  6:57  Zergling x10  
  77  6:58  Zergling x4  
  77  6:59  Roach  
  77  7:01  Ravager x6  
  90  7:02  Ravager x2  
  90  7:07  Queen  
  96  7:11  Drone x2  
  96  7:12  Overlord  
  96  7:14  Drone x2  
  96  7:15  Drone  
  101  7:17  Extractor  
  101  7:20  Extractor  
  94  7:45  Overseer  
  94  7:47  Drone x2  
  94  7:48  Drone  
  97  7:55  Queen  
  99  8:25  Unknown  
  99  8:27  Roach x4  
  99  8:28  Roach x2, Overlord x5  
  99  8:29  Overlord x4  
  111  8:38  Hatchery, Queen  
  111  8:39  Hatchery  
  111  8:40  Unknown, Hatchery  
  106  9:06  Ravager x6  
  106  9:07  Ravager  
  115  9:10  Roach x4  
  115  9:13  Hydralisk x6  
  115  9:14  Hydralisk x5  
  143  9:38  Hydralisk x8  
  159  9:56  Hydralisk x2  
  159  9:57  Hydralisk x5  
  167  10:31  Zergling x2  
  167  10:32  Zergling x10  
  167  10:33  Zergling x16  
  167  10:34  Zergling x14  
  176  10:54  Hydralisk x3  
  176  10:55  Hydralisk x8  
Show
View Real Time Build Order
Export as new Build Order

A.I. 1 (Medium) Zerg 

Build Orders: Pool First 

Get SALT Encoding   

  12  0:00  Drone  
  13  0:12  Overlord  
  13  0:16  Drone  
  14  0:30  Drone  
  14  0:33  Drone  
  16  0:42  Spawning Pool  
  15  0:45  Drone  
  16  0:50  Drone  
  16  0:53  Extractor  
  16  0:55  Drone  
  17  1:06  Overlord  
  17  1:31  Zergling x2, Queen  
  20  1:38  Drone  
  20  1:39  Roach Warren  
  20  1:40  Extractor  
  19  1:47  Zergling x2  
  19  1:49  Drone  
  21  2:00  Drone  
  22  2:10  Overlord  
  22  2:21  Roach  
  24  2:37  Roach, Overlord  
  26  2:53  Roach  
  28  3:03  Drone  
  29  3:07  Drone  
  29  3:08  Roach  
  32  3:16  Overlord  
  32  3:20  Drone  
  32  3:24  Roach  
  32  3:25  Drone  
  36  3:33  Drone  
  37  3:41  Roach, Drone  
  37  3:43  Baneling Nest  
  37  3:45  Drone  
  39  3:55  Evolution Chamber  
  38  3:57  Drone, Zergling x2  
  40  4:13  Roach  
  42  4:29  Roach  
  44  6:37  Lair  
  44  6:38  Overlord  
  44  6:40  Spore Crawler  
  44  6:42  Drone, Spore Crawler  
  44  6:44  Evolution Chamber  
  44  6:45  Drone  
  41  6:47  Zergling x2  
  41  6:48  Hatchery  
  37  6:56  Overlord, Zergling x2  
  38  7:06  Baneling x2, Zergling x2, Spine Crawler  
  38  7:07  Spine Crawler  
  37  7:09  Drone  
  37  7:15  Zergling x2  
  39  7:25  Zergling x2  
  40  7:35  Overseer x2, Queen  
  30  7:39  Drone, Hydralisk Den  
  30  7:42  Infestation Pit, Drone  
  30  7:44  Spire  
  29  7:45  Drone  
  30  8:00  Drone, Queen  
  30  8:03  Drone, Extractor  
  30  8:05  Spore Crawler  
  32  8:06  Drone, Spore Crawler  
  32  8:09  Drone, Spore Crawler  
  32  8:12  Drone  
  33  8:14  Drone  
  33  8:17  Drone  
  35  8:20  Drone  
  35  8:23  Drone  
  35  8:26  Drone  
  38  8:29  Drone  
  38  8:32  Drone  
  40  8:35  Drone  
  40  8:37  Drone  
  40  8:41  Drone  
  43  8:44  Drone  
  43  8:48  Drone  
  43  8:51  Zergling x2  
  41  8:56  Drone  
  41  8:59  Drone  
  41  9:00  Zergling x2  
  41  9:02  Drone  
  45  9:04  Drone  
  45  9:07  Drone  
  45  9:09  Baneling, Mutalisk  
  49  9:10  Drone  
  49  9:13  Drone  
  50  9:18  Overlord  
  50  9:19  Zergling x2  
  51  9:28  Zergling x2  
  51  9:30  Overseer  
  47  9:37  Drone, Zergling x2  
  39  9:40  Drone  
  39  9:43  Drone  
  31  9:46  Drone  
  31  9:47  Zergling x2  
  31  9:49  Drone  
  31  9:51  Drone  
  29  9:54  Drone  
  29  9:56  Mutalisk  
  29  9:58  Drone  
  28  10:05  Mutalisk  
  27  10:14  Mutalisk  
  29  10:23  Mutalisk  
  29  10:33  Zergling x2  
  29  10:35  Queen  
  30  10:39  Drone  
  30  10:40  Hydralisk  
  34  10:48  Zergling x2  
  31  10:54  Drone  
  31  10:55  Roach  
  28  11:02  Zergling x2  
  27  11:10  Roach  
  25  11:15  Hatchery  
Tags
 
League
Bronze
Matchup
ZvZ
Race
Zerg
Spawn Locations
Cross Positions
Add a new tag
Caveats
  • Supply blocks, unpowered buildings, or Contaminate may cause inaccurate times.
  • Supply counts are checked every 10 seconds.